 Dungeon Crawl Stone Soup version 0.16-a0-3736-g4b94454 (webtiles) character file.

348 Gorice the Cudgeler (level 6, -11/48 HPs)
             Began as a Demigod Wanderer on Jan 21, 2015.
             Killed by nerve-wracking pain
             ... invoked by Grinder
              (13 damage)
             ... on level 4 of the Dungeon on Jan 22, 2015.
             The game lasted 00:24:38 (3625 turns).

Gorice the Cudgeler (Demigod Wanderer)              Turns: 3625, Time: 00:24:39

Health: -11/48     AC: 11    Str: 18    XL:     6   Next: 10%
Magic:  6/11       EV: 11    Int: 17    God:
Gold:   186        SH:  0    Dex: 15    Spells: 0 memorised, 5 levels left

rFire  . . .     SeeInvis .     a - +0 flail
rCold  . . .     Clarity  .     x - +3 scale mail {rN+}
rNeg   + . .     SustAb   +     (no shield)
rPois  .         Gourm    .     (no helmet)
rElec  .         Spirit   .     z - +0 cloak {+Inv}
rCorr  .         Warding  .     (no gloves)
rMut   .         Rnd*Tele +     (no boots)
MR     .....                    (no amulet)
Stlth  +.........               v - ring of teleportation
                                i - +1 ring of evasion

@: about to teleport, very slightly contaminated, invisible, not resistant to
hostile enchantments, very unstealthy
A: sustain abilities
a: Turn Visible, Evoke Teleportation


You were on level 4 of the Dungeon.
You were hungry.

You visited 1 branch of the dungeon, and saw 4 of its levels.

You collected 186 gold pieces.

Inventory:

Hand weapons
 a - a +0 flail (weapon)
 b - a +0 hunting sling
 d - a +0 dagger
 k - a +3 mace
 B - a +0 blowgun
Missiles
 g - 38 poisoned needles
 r - 17 sling bullets
 Z - 132 stones (quivered)
Armour
 e - a +0 chain mail
 x - a +3 scale mail of positive energy (worn)
   (You took it off Terence on level 3 of the Dungeon)
 z - a +0 cloak of invisibility (worn)
   (You took it off Crazy Yiuf on level 3 of the Dungeon)
Jewellery
 i - a +1 ring of evasion (left hand)
 n - an uncursed ring of flight
 o - an uncursed ring of positive energy
 v - a ring of teleportation (right hand)
Scrolls
 p - a scroll of fear
Potions
 c - a potion of curing {unknown}
 l - 2 potions of resistance {unknown}
 m - a potion of invisibility
 u - a potion of might
Books
 t - a book of Debilitation
Comestibles
 f - 4 bread rations
 h - a beef jerky
 j - 3 fruits
 q - 3 chunks of flesh
 s - a slice of pizza


   Skills:
 - Level 1.7 Fighting
 * Level 4.5 Maces & Flails
   Level 1.7 Polearms
 + Level 3.9 Armour
 - Level 1.0 Dodging
 - Level 1.7 Stealth
 - Level 1.0 Evocations


You had 5 spell levels left.
You didn't know any spells.

Dungeon Overview and Level Annotations

Branches:
Dungeon (4/15)
 Temple: D:4-7

Annotations:
D:4 Grinder, Menkaure


Innate Abilities, Weirdness & Mutations

Your attributes are resistant to harm.


Message History

You fail to use your ability.
Grinder gestures at you. Pain shoots through your body!
* * * LOW HITPOINT WARNING * * *
Unknown command.
Use which ability? (? or * to list)
You fade into invisibility!
You are very lightly contaminated with residual magic.
You are feeling hungry.
Grinder misses you.
Use which ability? (? or * to list)
You fail to use your ability.
Grinder misses you.
Use which ability? (? or * to list)
You feel strangely unstable.
You feel somewhat more hungry. Grinder hits you.
* * * LOW HITPOINT WARNING * * *
Use which ability? (? or * to list)
You fail to use your ability.
Grinder gestures at you. Pain shoots through your body!
You die...

.........+.'...'.....#....#..##
........#+#...#+###'#....#...'
..###....................+...#
. +....................##'##
#........................#
#....##+##+####'#........#
+....+........'.#.#+#>...#
#....#........#.+...+....' .
##..@..#####.###....# #
######5........###.... +. +..#
#.....)...).'.... #.. #..
#.........#.#....
...#...#.####...#+#...#.#....
..............+...'...+.+....
.......####....##.#...#.#....
##### #....##.#...#.##...
#.......+...+..+...


You could see Grinder.

Vanquished Creatures
  Sigmund (D:3)
  Crazy Yiuf (D:3)
  A centaur skeleton (D:4)
  Terence (D:3)
  4 gnolls (D:3)
  6 adders
  A giant mite (D:3)
  2 worms
  5 giant geckos
  An ooze (D:3)
  3 orcs
  16 bats
  4 giant cockroaches
  9 hobgoblins
  12 kobolds
  A quokka (D:4)
  A giant newt (D:1)
  9 goblins
  4 jackals
  8 rats
90 creatures vanquished.

Notes
Turn   | Place    | Note
--------------------------------------------------------------
     0 | D:1      | Gorice, the Demigod Wanderer, began the quest for the Orb.
     0 | D:1      | Gorice set off with: a +2 scale mail, a +0 mace, a +0 spear, a +0 dagger, a bread ration
     0 | D:1      | Reached XP level 1. HP: 17/17 MP: 2/2
    39 | D:1      | Reached skill level 2 in Armour
   101 | D:1      | Reached skill level 1 in Maces & Flails
   148 | D:1      | Reached XP level 2. HP: 14/24 MP: 3/3
   941 | D:2      | Reached XP level 3. HP: 29/29 MP: 5/5
  1021 | D:2      | Reached skill level 2 in Maces & Flails
  1987 | D:2      | Reached XP level 4. HP: 31/36 MP: 7/7
  1993 | D:2      | Reached skill level 3 in Armour
  2035 | D:2      | Upgraded the game from 0.16-a0-3724-gf14d081 to 0.16-a0-3736-g4b94454
  2348 | D:3      | Reached skill level 3 in Maces & Flails
  2471 | D:3      | Found a radiant altar of Vehumet.
  2723 | D:3      | Reached XP level 5. HP: 33/41 MP: 8/8
  2823 | D:3      | Noticed Terence
  2850 | D:3      | Killed Terence
  2907 | D:3      | Noticed Crazy Yiuf
  2923 | D:3      | Killed Crazy Yiuf
  3154 | D:3      | Reached skill level 4 in Maces & Flails
  3176 | D:3      | Noticed Sigmund
  3196 | D:3      | Killed Sigmund
  3413 | D:4      | Reached XP level 6. HP: 32/48 MP: 11/11
  3539 | D:4      | Noticed Menkaure
  3579 | D:4      | Noticed Grinder
  3598 | D:4      | Paralysed by Grinder for 2 turns
  3610 | D:4      | Paralysed by Grinder for 7 turns
  3624 | D:4      | HP: 2/48 [Grinder (3)]
  3625 | D:4      | Killed from afar by Grinder

Action                   |  1- 3 |  4- 6 || total
-------------------------+-------+-------++-------
Melee: Mace              |   154 |   117 ||   271
       Flail             |       |    73 ||    73
 Fire: Blowgun           |       |    34 ||    34
       Hunting sling     |       |     4 ||     4
Throw: Stone             |    12 |    16 ||    28
 Abil: Evoke Teleportati |       |     1 ||     1
       Evoke Invisibilit |       |     1 ||     1
  Use: Scroll            |     4 |     6 ||    10
  Eat: Chunk             |     4 |     5 ||     9

Table legend:
 A = Turns spent in this place as a percentage of turns spent in the entire game.
 B = Non-inter-level travel turns spent in this place as a percentage of non-inter-level travel turns spent in the entire game.
 C = Inter-level travel turns spent in this place as a percentage of turns spent in this place.
 D = Turns resting spent in this place as a percentage of non-inter-level travel turns spent in this place.
 E = Turns spent auto-exploring this place as a percentage of non-inter-level travel turns spent in this place.
 F = Non-inter-level travel turns spent in this place divided by the number of levels of this place that you've seen.
                   A       B       C       D       E      F
               +-------+-------+-------+-------+-------+----------------------
         Total | 100.0 | 100.0 |   0.3 |   0.4 |   4.2 | 461.5
       Dungeon | 100.0 | 100.0 |   0.3 |   0.4 |   4.2 | 461.5
               +-------+-------+-------+-------+-------+----------------------

Vault maps used:
D:1:      erik_arrival_cave_to_civilisation, serial_bayou_crossing
D:3:      vehumet_crystals, uniq_terence, uniq_sigmund, uniq_crazy_yiuf_cottage
D:4:      okawaru_altar_gauntlet_db, cheibriados_altar_wand_db,
          nicolae_overflow_hidden_temple, minmay_bisected, uniq_grinder,
          uniq_menkaure
